 Dungeon Crawl Stone Soup version 0.25-a0-734-g73332ae (webtiles) character file.

Game seed: 15237357527204813760, levelgen mode: deterministic

1906 qdestroyer the Cleaver (level 8, -3/70 HPs)
             Began as a Minotaur Fighter on Apr 11, 2020.
             Was a Believer of Makhleb.
             Slain by an orc knight
             ... wielding the +7 battleaxe of Meppeus {protect, MR+}
              (13 damage)
             ... on level 7 of the Dungeon.
             The game lasted 00:12:08 (5450 turns).

qdestroyer the Cleaver (Minotaur Fighter)           Turns: 5450, Time: 00:12:09

Health: -3/70      AC: 13    Str: 23    XL:     8   Next: 94%
Magic:  7/7        EV:  6    Int:  5    God:    Makhleb [**....]
Gold:   370        SH: 10    Dex: 10    Spells: 7/7 levels left

rFire    . . .     SeeInvis .   a - +1 war axe
rCold    + . .     Gourm    .   c - +0 kite shield
rNeg     . . .     Faith    .   b - +0 plate armour
rPois    .         Spirit   .   (helmet restricted)
rElec    .         Reflect  .   j - +2 cloak
rCorr    .         Harm     .   (no gloves)
MR       +....                  (no boots)
Stlth    ..........             (no amulet)
HPRegen  0.21/turn              g - ring of protection from magic
MPRegen  0.10/turn              l - ring of protection from cold

@: corroded
A: retaliatory headbutt, horns 2
a: Minor Destruction, Renounce Religion


You were on level 7 of the Dungeon.
You worshipped Makhleb.
Makhleb was pleased with you.
You were not hungry.

You visited 2 branches of the dungeon, and saw 8 of its levels.

You collected 370 gold pieces.

Inventory:

Hand Weapons
 a - a +1 war axe (weapon)
Armour
 b - a +0 plate armour (worn)
 c - a +0 kite shield (worn)
 j - a +2 cloak (worn)
Jewellery
 g - a ring of protection from magic (left hand)
 l - a ring of protection from cold (right hand)
 o - an uncursed ring of ice {unknown}
 p - a cursed ring of attention {unknown}
 v - an uncursed amulet of rage {unknown}
Wands
 x - a wand of clouds (6)
Scrolls
 e - 2 scrolls of magic mapping
 t - a scroll of fog
 w - a scroll of enchant weapon
Potions
 d - 2 potions of might
 h - 2 potions of heal wounds
 i - a potion of haste
 k - 2 potions of lignification
 m - a potion of flight
 n - 3 potions of invisibility
 q - 2 potions of brilliance
 u - a potion of berserk rage
Comestibles
 f - 13 rations


   Skills:
 + Level 6.1 Fighting
 + Level 9.2 Axes
 + Level 8.0 Armour
 + Level 1.7 Dodging
 + Level 0.9 Stealth
 + Level 6.6 Shields


You had 7 spell levels left.
You didn't know any spells.
Your spell library contained the following spells:

 Spells                   Type           Power        Failure   Level  Hunger
 Magic Dart               Conj           #...         100%        1    ##.....
 Blink                    Tloc           N/A          100%        2    ###....
 Call Imp                 Summ           #.......     100%        2    ###....
 Slow                     Hex            #.......     100%        2    ###....
 Conjure Flame            Conj/Fire      #.......     100%        3    ####...
 Mephitic Cloud           Conj/Pois/Air  #.......     100%        3    ####...


Dungeon Overview and Level Annotations

Branches:
Dungeon (7/15)             Temple (1/1) D:4

Altars:
Ashenzari
Cheibriados
Dithmenos
Elyvilon
Fedhas
Gozag
Hepliaklqana
Kikubaaqudgha
Makhleb
Nemelex Xobeh
Okawaru
Qazlal
Ru
Sif Muna
Trog
Uskayaw
Vehumet
Wu Jian
Xom
Zin


Innate Abilities, Weirdness & Mutations

You reflexively headbutt those who attack you in melee.
You have a pair of horns on your head.


Message History

Unknown command.
Unknown command.
Your plate armour prevents you from hitting the acid dragon.
The orc knight shouts!
Your headbutt misses the acid dragon.
The acid dragon is almost dead.
The acid dragon bites you but does no damage.
The acid dragon claws you but does no damage.
Unknown command.
You barely miss the acid dragon.
The acid dragon is almost dead.
You block the acid dragon's attack.
The acid dragon claws you but does no damage.
You slice the acid dragon!!
You kill the acid dragon!
Makhleb accepts your kill.
You can now harness Makhleb's destructive might.
The acid dragon scales are intact enough to wear.
The orc knight hits you with the +7 battleaxe of Meppeus {protect, MR+}!
You die...

#. ##...
###D.....
###...#.#
###.......#
#..####[o.#######
#......###
######o# #@# #.#
##.## #...# #...#
+...+ #...# #...#
##.##


You could see an orc knight and an orc wizard.

Vanquished Creatures
  An acid dragon (D:7)
  An orc warrior (D:6)
  An ice beast (D:5)
  4 ogres
  A phantom (D:6)
  2 bullfrogs
  A wyvern skeleton (D:7)
  A scorpion (D:5)
  A crimson imp (D:5)
  A bullfrog zombie (D:5)
  2 hounds
  A jelly (D:7)
  6 orc priests
  A centaur skeleton (D:6)
  3 orc wizards
  Jessica (D:2)
  3 iguanas
  4 worker ants
  A killer bee zombie (D:5)
  A hound zombie (D:6)
  A howler monkey skeleton (D:5)
  3 gnolls (D:5)
  5 adders
  A shadow imp (D:6)
  2 adder zombies
  2 oozes (D:5)
  2 adder skeletons
  2 worms
  2 dart slugs
  2 leopard geckos
  29 orcs
  5 giant cockroaches
  8 goblins
  6 hobgoblins
  11 jackals
  2 quokkas
  A ball python (D:2)
  6 bats
  5 frilled lizards
  9 kobolds
  3 leopard gecko skeletons
  5 rats
  3 plants (D:1)
152 creatures vanquished.

Vanquished Creatures (others)
  An orc wizard (D:7)
1 creature vanquished.

Grand Total: 153 creatures vanquished

Notes
Turn   | Place    | Note
-------+----------+-------------------------------------------
     0 | D:1      | qdestroyer the Minotaur Fighter began the quest for the
                  | Orb.
     0 | D:1      | Reached XP level 1. HP: 19/19 MP: 0/0
   124 | D:1      | You fall into a shaft and drop 1 floor!
   170 | D:1      | Reached XP level 2. HP: 27/27 MP: 1/1
   890 | D:2      | Reached XP level 3. HP: 33/33 MP: 2/2
   902 | D:2      | Reached skill level 3 in Axes
   919 | D:2      | Noticed Jessica
   923 | D:2      | Killed Jessica
  1478 | D:3      | Reached XP level 4. HP: 40/40 MP: 3/3
  1751 | D:3      | Reached skill level 4 in Axes
  2270 | D:4      | Reached XP level 5. HP: 30/46 MP: 4/4
  2328 | D:4      | Noticed an ogre
  2570 | D:2      | Reached skill level 5 in Armour
  2745 | D:3      | Killed an ogre
  2842 | D:4      | Reached skill level 5 in Axes
  2869 | D:4      | Found a staircase to the Ecumenical Temple.
  2873 | D:4      | Reached XP level 6. HP: 51/53 MP: 5/5
  2880 | D:4      | Reached skill level 1 in Dodging
  2936 | Temple   | Entered the Ecumenical Temple
  3098 | Temple   | Became a worshipper of Makhleb the Destroyer
  3126 | D:4      | Reached skill level 5 in Shields
  3136 | D:4      | Found an ornate altar of the Wu Jian Council.
  3139 | D:4      | Found an iron altar of Okawaru.
  3139 | D:4      | Found a stormy altar of Qazlal.
  3139 | D:4      | Found a white marble altar of Elyvilon.
  3148 | D:4      | Reached XP level 7. HP: 39/60 MP: 6/6
  3241 | D:4      | Reached skill level 5 in Fighting
  3241 | D:4      | Reached skill level 6 in Axes
  3529 | D:5      | Entered Level 5 of the Dungeon
  4420 | D:5      | Reached skill level 7 in Axes
  4420 | D:5      | Reached XP level 8. HP: 65/68 MP: 7/7
  4604 | D:6      | Reached * piety under Makhleb
  4890 | D:6      | Found a hazy altar of Hepliaklqana.
  4891 | D:6      | Found a shimmering altar of Xom.
  4892 | D:6      | Noticed a spectral ugly thing
  4958 | D:6      | Found a shadowy altar of Dithmenos.
  4980 | D:6      | Reached skill level 8 in Axes
  5410 | D:7      | HP: 1/70 [orc priest/divine providence (14)]
  5413 | D:7      | Reached skill level 9 in Axes
  5447 | D:7      | Identified the +7 battleaxe of Meppeus {protect, MR+}
  5447 | D:7      | Noticed an orc knight
  5450 | D:7      | Reached ** piety under Makhleb
  5450 | D:7      | Slain by an orc knight

Levels and vault maps discovered:
D:1:      psy_arrival_wood_between_worlds, layout_basic, serial_bayou,
          serial_bayou_shore_a, serial_bayou_lagoon_a, serial_bayou_pond_e,
          serial_bayou_pond_e
D:2:      wander_river, layout_basic, serial_bayou, serial_bayou_pond_e,
          serial_bayou_shore_b, serial_bayou_lake_a, serial_bayou_pond_b,
          first_ration, uniq_jessica
D:3:      layout_basic, chequers_garden
D:4:      cheibrodos_pilgrimage, layout_rooms,
          chequers_temple_overflow_statue_of_worship,
          minmay_temple_entry_drinking_statues
D:5:      layout_basic
D:6:      layout_cave_pods, regret_index_temple_of_mockery,
          grunt_dithmenos_smoke
D:7:      minmay_the_grid_triangle_9x9_rhombus_thin
          [minmay_the_grid_triangle_9x9_pentomino_pain,
          minmay_the_grid_triangle_9x9_prize_schism,
          minmay_the_grid_triangle_9x9_steps,
          minmay_the_grid_triangle_9x9_intruding_spiral], layout_loops_ring,
          grunt_temple_overflow_holy_war
Temple:   dshaligram_water_room_temple

Skill      XL: |  1  2  3  4  5  6  7  8 |
---------------+-------------------------+-----
Armour         | 4 5 7 8 |  8.0
Shields        | 4 5 6 |  6.6
Axes           | 3 4 5 7 9 |  9.2
Fighting       | 4 5 6 |  6.1
Dodging        | 1 |  1.7
Stealth        | |  0.9

Action                   |  1- 3 |  4- 6 |  7- 9 || total
-------------------------+-------+-------+-------++-------
Melee: War axe           |   133 |   113 |   194 ||   440
       Headbutt          |    17 |    25 |    31 ||    73
  Use: Scroll            |       |     7 |    11 ||    18
       Potion            |       |       |     2 ||     2
  Eat: Chunk             |     2 |     5 |     8 ||    15
Armor: Chain mail        |    57 |    51 |     8 ||   116
       Scale mail        |     2 |       |       ||     2
       Plate armour      |       |       |   132 ||   132
Dodge: Dodged            |    15 |    39 |    45 ||    99
Block: Kite shield       |    45 |    90 |   115 ||   250

Table legend:
 A = Non-vault XP
 B = Vault XP
 C = Vault XP percentage of total XP
 D = Non-vault monster count
 E = Vault monster count
 F = Vault count percentage of total count
                 A         B        C        D         E       F
            +---------+---------+-------+---------+---------+-------
      Total |    2420 |     303 |  11.1 |     134 |      16 |  10.7
            +---------+---------+-------+---------+---------+-------
        D:1 |      36 |       0 |   0.0 |      20 |       0 |   0.0
        D:2 |      53 |      43 |  44.8 |      10 |       7 |  41.2
        D:3 |     175 |       6 |   3.3 |      22 |       2 |   8.3
        D:4 |     497 |      50 |   9.1 |      19 |       4 |  17.4
        D:5 |     586 |       0 |   0.0 |      31 |       0 |   0.0
        D:6 |     633 |       0 |   0.0 |      13 |       0 |   0.0
        D:7 |     440 |     204 |  31.7 |      19 |       3 |  13.6
            +---------+---------+-------+---------+---------+-------
